 Dungeon Crawl Stone Soup version 0.27-a0-1416-g941b2bd30b (webtiles) character file.

Game seed: 11609544472066836692

16 sokol815 the Chopper (level 2, 0/22 HPs)
             Began as a Demonspawn Gladiator on July 2, 2021.
             Slain by a gnoll (13 damage)
             ... on level 1 of the Dungeon.
             The game lasted 00:00:32 (551 turns).

sokol815 the Chopper (Demonspawn Gladiator)          Turns: 551, Time: 00:00:33

Health: 0/22       AC:  3    Str: 14    XL:     2   Next: 37%
Magic:  2/2        EV: 12    Int:  9    God:
Gold:   32         SH:  0    Dex: 14    Spells: 1/1 levels left

rFire    . . .     SeeInvis .   a - +0 war axe
rCold    . . .     Faith    .   (no shield)
rNeg     . . .     Spirit   .   b - +0 leather armour
rPois    .         Reflect  .   (helmet restricted)
rElec    .         Harm     .   (no cloak)
rCorr    .         Rampage  .   (no gloves)
Will     .....                  (no boots)
Stlth    +.........             (no amulet)
HPRegen  0.07/turn              (no ring)
MPRegen  0.08/turn              (no ring)

@: no status effects
A: antennae 1
a: no special abilities


You were on level 1 of the Dungeon.
You visited 1 branch of the dungeon, and saw 1 of its levels.

You collected 32 gold pieces.

Inventory:

Hand Weapons
 a - a +0 war axe (weapon)
Missiles
 d - 3 throwing nets {!d}
Armour
 b - a +0 leather armour (worn)
 c - a +0 helmet
 f - a +0 cloak of stealth
   (You found it on level 1 of the Dungeon)
Potions
 e - a potion of mutation {unknown}


   Skills:
 - Level 2.0 Fighting
 + Level 3.4 Axes
 - Level 1.7 Throwing
 - Level 2.6 Dodging


You had one spell level left.
You didn't know any spells.
Your spell library was empty.

Dungeon Overview and Level Annotations

Branches:
Dungeon (1/15)

Altars:


Innate Abilities, Weirdness & Mutations

You have a pair of small antennae on your head.


Message History

No target in view!
No target in view!
An endoplasm comes into view.
The endoplasm quivers.
A hobgoblin comes into view.
The hobgoblin shouts!
A kobold comes into view. It is wielding a +0 short sword.
The kobold shouts!
Found a stone staircase leading down.
You slash the endoplasm!
You kill the endoplasm!
An endoplasm comes into view.
You closely miss the hobgoblin.
The hobgoblin hits you but does no damage.
The hobgoblin misses you.
You hit the kobold.
You kill the kobold!
You barely miss the hobgoblin. The hobgoblin closely misses you.
You hit the endoplasm. You closely miss the hobgoblin. The endoplasm hits you.
The hobgoblin barely misses you.
You take 3 damage, and have 13/16 hp.
You hit the endoplasm but do no damage. You slash the hobgoblin!
You kill the hobgoblin!
The endoplasm misses you.
You have reached level 2!
Your demonic ancestry asserts itself...
A pair of antennae grows on your head!
Your +0 helmet falls away!
You regained 5 hp, and now have 18/22 hp.
MP restored: 2 You hit the endoplasm.
You kill the endoplasm!
No target in view!
No target in view!
No target in view!
You now have 32 gold pieces (gained 9).
A quokka comes into view.
Health restored: 22 You closely miss the quokka.
The quokka bites you. The quokka barely misses you.
You take 1 damage, and have 21/22 hp.
You closely miss the quokka. The quokka closely misses you.
You slash the quokka!
You kill the quokka!
No target in view!
No target in view!
You see here a quokka corpse.
You see here a +0 mace.
A giant cockroach comes into view.
Health restored: 22 You hit the giant cockroach.
The giant cockroach bites you but does no damage.
The giant cockroach misses you.
You closely miss the giant cockroach. The giant cockroach barely misses you.
You barely miss the giant cockroach. The giant cockroach barely misses you.
The giant cockroach closely misses you.
You hit the giant cockroach.
You kill the giant cockroach!
No target in view!
No target in view!
You see here a +0 mace.
You see here a quokka corpse.
Found a stone staircase leading down.
There is a stone staircase leading down here.
There is an open door here.
You open the door.
There is an open door here.
You open the door.
There is an open door here.
As you open the door, it creaks loudly!
A dart slug comes into view.
There is an open door here.
The dart slug launches a dart at you. The slug dart misses you.
The dart slug launches a dart at you. The slug dart hits you.
You take 2 damage, and have 20/22 hp.
You slash the dart slug! You slash the dart slug!
You kill the dart slug!
No target in view!
No target in view!
You see here a dart slug corpse.
f - a +0 cloak of stealth Health restored: 22 A gnoll comes into view.
It is wielding a +0 flail.
The gnoll shouts!
A bat comes into view.
The gnoll hits you with a +0 flail!
You take 9 damage, and have 13/22 hp.
MASSIVE DAMAGE!!
The bat misses you.
A hobgoblin comes into view.
The bat hits you but does no damage.
You slash the gnoll! You closely miss the bat.
The bat hits you but does no damage. The gnoll closely misses you.
You barely miss the gnoll. The bat hits you but does no damage.
The bat barely misses you. The gnoll hits you with a +0 flail!
Ouch! That really hurt!
You die...

#...##.# .. ##...#.# #.#
#+#..#..#. #.# #.#..#....
#.# +....#..## #.#
#.....#..# #.# #.##.....#
...#######.#####+#...#...
....g..b@.....#.....#....
.......g#.....+..........
........##....#...#...#..
##......##.#####+#......#
#......##.#...#.#......#
#......##.#...#..#..#...
#......##.#.<.'.#.##..#.
#!.....##.#...#.##.#..#.
#.#####+##....#.


You could see a gnoll, a hobgoblin and a bat.

Vanquished Creatures
  A dart slug (D:1)
  2 bats (D:1)
  2 endoplasms (D:1)
  A giant cockroach (D:1)
  A goblin (D:1)
  2 hobgoblins (D:1)
  A quokka (D:1)
  A kobold (D:1)
11 creatures vanquished.

Notes
Turn   | Place    | Note
-------+----------+-------------------------------------------
     0 | D:1      | sokol815 the Demonspawn Gladiator began the quest for the
                  | Orb.
     0 | D:1      | Reached XP level 1. HP: 16/16 MP: 1/1
    43 | D:1      | Reached skill level 3 in Axes
   182 | D:1      | Gained mutation: You have a pair of small antennae on your
                  | head. [demonic ancestry]
   182 | D:1      | Reached XP level 2. HP: 18/22 MP: 2/2
   551 | D:1      | Slain by a gnoll

Illustrated notes

Levels and vault maps discovered:
D:1:      arrival_zaba_pyramid, layout_basic,
          shapermc_ecumenical_altar_mp_vishouse, minmay_domino_2

Skill      XL: |  1 |
---------------+----+-----
Axes           | 3 |  3.4
Fighting       | |  2.0
Throwing       | |  1.7
Dodging        | |  2.6

Action                   || total
-------------------------++-------
Melee: War axe           ||    24
Armor: Leather armour    ||     7
Dodge: Dodged            ||    20

Table legend: (Time is in decaauts)
 A = Elapsed time spent in this place.
 B = Non-inter-level travel time spent in this place.
 C = Inter-level travel time spent in this place.
 D = Time resting spent in this place.
 E = Time spent auto-exploring this place.
 F = Levels seen in this place.
 G = Mean time per level.
                   A        B        C        D        E       F      G
               +--------+--------+--------+--------+--------+-----+--------+
         Total |    558 |    558 |      0 |      0 |    497 |   1 |  558.0 |
       Dungeon |    558 |    558 |      0 |      0 |    497 |   1 |  558.0 |
               +--------+--------+--------+--------+--------+-----+--------+

Top non-repeatable levels by time:
     D:1: 558 daAuts

Table legend:
 A = Kills in this place as a percentage of kills in entire the game.
 B = Kills by you in this place as a percentage of kills by you in the entire game.
 C = Kills by friends in this place as a percentage of kills by friends in the entire game.
 D = Other kills in this place as a percentage of other kills in the entire game.
 E = Experience gained in this place as a percentage of experience gained in the entire game.
 F = Experience gained in this place divided by the number of levels of this place that you have seen.
                   A       B       C       D       E      F
               +-------+-------+-------+-------+-------+----------------------
         Total | 100.0 | 100.0 |   N/A |   N/A | 100.0 |  23.0
       Dungeon | 100.0 | 100.0 |   N/A |   N/A | 100.0 |  23.0
               +-------+-------+-------+-------+-------+----------------------
